 Dungeon Crawl Stone Soup version 0.21-a0-91-ga5031da (webtiles) character file.

1546 sagitran the Slicer (level 8, -1/61 HPs)
             Began as a Gnoll Wanderer on June 29, 2017.
             Was a Believer of Elyvilon.
             Slain by an orc
             ... wielding a +0 trident
              (5 damage)
             ... in a bailey.
             The game lasted 00:40:16 (5569 turns).

sagitran the Slicer (Gnoll Wanderer)                Turns: 5569, Time: 00:40:16

Health: -1/61      AC:  7    Str: 15    XL:     8   Next: 87%
Magic:  6/14       EV: 19    Int: 13    God:    Elyvilon [**....]
Gold:   315        SH:  5    Dex: 14    Spells: 7/15 levels left

rFire    + . .     SeeInvis .   l - +1 rapier (speed)
rCold    . . .     Gourm    .   o - +0 buckler
rNeg     . . .     Faith    .   E - +1 leather armour {rF+}
rPois    .         Spirit   .   (helmet restricted)
rElec    .         Reflect  .   (no cloak)
rCorr    .         Harm     .   k - +0 pair of gloves
MR       .....                  y - +0 pair of boots
Stlth    ++........             t - amulet of inaccuracy (curse)
HPRegen  0.20/turn              h - +4 ring of evasion
MPRegen  0.14/turn              z - +3 ring of strength

@: flying
A: short attention span, antennae 1, fangs 1, hooves 1, icy blue scales 1,
deformed body, strong nose
a: Lesser Healing, Heal Other, Divine Protection, Renounce Religion


You were in a bailey.
You worshipped Elyvilon.
Elyvilon was pleased with you.
You were not hungry.

You visited 2 branches of the dungeon, and saw 8 of its levels.
You also visited: Bailey.

You collected 315 gold pieces.

Inventory:

Hand Weapons
 a - a +2 short sword
 d - a +0 blowgun
 j - a +0 short sword of electrocution
 l - a +1 rapier of speed (weapon)
 q - a +0 hunting sling
 u - a cursed +0 falchion
 v - a +0 hand crossbow
Missiles
 c - 25 poisoned needles
 r - 149 stones
 x - 5 curare-tipped needles
 D - 3 tomahawks (quivered)
Armour
 k - a +0 pair of gloves (worn)
 m - a +1 plate armour
 o - a +0 buckler (worn)
 y - a +0 pair of boots (worn)
 E - a +1 leather armour of fire resistance (worn)
Jewellery
 e - the amulet "Nainlest" {Faith rElec MR+ Slay+2, unknown}
   (You found it on level 5 of the Dungeon)

   [amulet of faith]

   It allows you to gain divine favour quickly.
   It affects your accuracy and damage with ranged weapons and melee attacks
   (+2).
   It insulates you from electricity.
   It affects your resistance to hostile enchantments.
 h - a +4 ring of evasion (left hand)
 p - an uncursed ring of fire
 s - an uncursed ring of protection from fire
 t - a cursed amulet of inaccuracy (around neck)
 z - a +3 ring of strength (right hand)
Wands
 f - a wand of polymorph (0/24)
Scrolls
 b - 5 scrolls of teleportation
Potions
 n - a potion of brilliance
 w - 2 potions of flight
Books
 C - a book of Maledictions

   Spells                             Type                      Level
   a - Corona                         Hexes                        1
   b - Ensorcelled Hibernation        Hexes/Ice                    2
   c - Confuse                        Hexes                        3
   d - Tukima's Dance                 Hexes                        3
   e - Dazzling Spray                 Conjuration/Hexes            3
Comestibles
 g - a meat ration
 i - a bread ration


   Skills:
 + Level 4.7 Fighting
 + Level 9.1 Short Blades
 + Level 3.6 Throwing
 + Level 4.3 Armour
 + Level 6.3 Dodging
 + Level 4.1 Stealth
 + Level 5.0 Shields
 + Level 4.0 Spellcasting
 + Level 4.4 Hexes
 + Level 1.2 Ice Magic
 + Level 0.4 Invocations
 + Level 0.4 Evocations


You had 7 spell levels left.
You knew the following spells:

 Your Spells              Type           Power        Failure   Level  Hunger
a - Ensorcelled Hibernat  Hex/Ice        #.....       12%         2    ##.....
b - Confuse               Hex            ##......     12%         3    ###....
c - Tukima's Dance        Hex            ##......     12%         3    ###....


Dungeon Overview and Level Annotations

Branches:
Dungeon (7/15)             Temple (1/1) D:4

Altars:
Ashenzari
Cheibriados
Dithmenos
Elyvilon
Fedhas
Gozag
Hepliaklqana
Kikubaaqudgha
Makhleb
Nemelex Xobeh
Okawaru
Qazlal
Ru
Sif Muna
Trog
Uskayaw
Vehumet
Wu Jian
Xom
Yredelemnul
Zin
The Shining One

Shops:
D:4 (

Annotations:
D:5 KristoblXynda's ghost, novice DrGl


Innate Abilities, Weirdness & Mutations

You have a short attention span.
You have very sharp teeth.
Your uncanny sense of smell can sniff out nearby items.
You have a pair of small antennae on your head.
You have large cloven feet.
You are partially covered in icy blue scales. (AC +2)
Armour fits poorly on your strangely shaped body.


Message History

The orc hits you but does no damage. The orc closely misses you.
You block the orc's attack. The orc hits you but does no damage.
You barely miss the orc. Your bite misses the orc.
The orc is heavily wounded.
You hit the orc.
You kill the orc!
The orc barely misses you.
The orc misses you. x2; The orc barely misses you.
You hit the orc.
The orc is heavily wounded.
You puncture the orc!
You kill the orc!
The orc completely misses you. The orc misses you.
The orc completely misses you.
Throwing (i - inventory. (,) - cycle):
D - 4 tomahawks (quivered)
Press: ? - help, Shift-Dir - straight line, f - orc
Aim: an orc, wielding a spear and wearing a chain mail You throw a tomahawk.
The tomahawk misses the orc.
You block the orc's attack. The orc closely misses you.
The orc hits you from afar with a trident.
You die...

#######
##..∩..##
#.......#
#∩.....∩#
#.......#
#.......#
#.@)o..(#
#.)[o...#
#.o.)...#
#.).)...#
#.......#
#.......#
##.....##
###+###


You could see 3 orcs.

Vanquished Creatures
  3 phantoms
  3 ogres
  A centaur (D:5)
  2 big kobolds (D:7)
  A scorpion (D:6)
  A howler monkey (D:6)
  2 crimson imps
  A hound (D:6)
  A gnoll shaman (D:6)
  4 orc wizards
  3 orc priests
  2 bullfrog skeletons
  3 worker ants (D:4)
  A worker ant zombie (D:5)
  7 gnolls
  3 adders (D:4)
  A worm (D:3)
  2 dart slugs
  5 leopard geckos
  21 orcs
  2 bats
  7 giant cockroaches
  4 goblins
  7 hobgoblins
  7 jackals
  16 kobolds
  2 quokkas (D:6)
  7 frilled lizards
  8 rats
127 creatures vanquished.

Vanquished Creatures (collateral kills)
  A centaur zombie (D:5)
  A gnoll (D:7)
2 creatures vanquished.

Vanquished Creatures (others)
  5 dancing weapons
5 creatures vanquished.

Grand Total: 134 creatures vanquished

Notes
Turn   | Place    | Note
-------+----------+-------------------------------------------
     0 | D:1      | sagitran the Gnoll Wanderer began the quest for the Orb.
     0 | D:1      | sagitran set off with: a +2 short sword, a scroll of teleportation, 11 poisoned needles, a +0 blowgun, a +0 robe, a bread ration
     0 | D:1      | Reached XP level 1. HP: 13/13 MP: 3/3
     9 | D:1      | Reached skill level 5 in Short Blades
   300 | D:1      | Reached XP level 2. HP: 17/19 MP: 4/4
   329 | D:1      | Reached skill level 6 in Short Blades
   376 | D:1      | Reached XP level 3. HP: 15/24 MP: 6/6
  1513 | D:3      | Reached XP level 4. HP: 31/31 MP: 7/7
  1800 | D:5      | Entered Level 5 of the Dungeon
  1800 | D:5      | Noticed an ogre
  1894 | D:4      | Found a white marble altar of Elyvilon.
  1901 | D:4      | Became a worshipper of Elyvilon the Healer
  1946 | D:4      | Found Rucrir's Antique Weapon Emporium.
  1957 | D:4      | Reached skill level 7 in Short Blades
  2066 | D:4      | Reached skill level 1 in Fighting
  2066 | D:4      | Reached skill level 1 in Shields
  2162 | D:4      | Noticed a phantom
  2313 | D:4      | Killed a phantom
  2313 | D:4      | Reached skill level 1 in Armour
  2313 | D:4      | Reached XP level 5. HP: 11/38 MP: 8/8
  2433 | D:4      | Reached XP level 6. HP: 28/46 MP: 9/9
  2448 | D:4      | Learned a level 2 spell: Ensorcelled Hibernation
  2452 | D:4      | Learned a level 3 spell: Confuse
  2456 | D:4      | Learned a level 3 spell: Tukima's Dance
  2456 | D:4      | Found a staircase to the Ecumenical Temple.
  2465 | Temple   | Entered the Ecumenical Temple
  2477 | Temple   | Reached * piety under Elyvilon
  2695 | D:3      | Gained mutation: You can translocate small distances at will. [potion of mutation]
  2695 | D:3      | Gained mutation: You have a somewhat thin skeletal structure. (Dex +2, Stealth) [potion of mutation]
  2695 | D:3      | Gained mutation: Your natural rate of healing is unusually fast. [potion of mutation]
  2696 | D:3      | Lost mutation: Your natural rate of healing is unusually fast. [potion of mutation]
  2696 | D:3      | Lost mutation: You have a somewhat thin skeletal structure. (Dex +2, Stealth) [potion of mutation]
  2696 | D:3      | Lost mutation: You can translocate small distances at will. [potion of mutation]
  2696 | D:3      | Gained mutation: You have a pair of small antennae on your head. [potion of mutation]
  2696 | D:3      | Gained mutation: You are partially covered in icy blue scales. (AC +2) [potion of mutation]
  2696 | D:3      | Gained mutation: Armour fits poorly on your strangely shaped body. [potion of mutation]
  2696 | D:3      | Gained mutation: You have large cloven feet. [potion of mutation]
  2782 | D:3      | Found a glowing silver altar of Zin.
  3401 | D:4      | Reached ** piety under Elyvilon
  3581 | D:5      | Reached skill level 8 in Short Blades
  3593 | D:5      | Got a fine garnet amulet
  3617 | D:5      | Reached XP level 7. HP: 46/52 MP: 1/10
  4106 | D:5      | Noticed KristoblXynda's ghost (novice DrGl)
  4130 | D:5      | Reached skill level 1 in Ice Magic
  4326 | D:6      | Reached XP level 8. HP: 18/59 MP: 11/13
  4551 | D:6      | Reached skill level 5 in Dodging
  4867 | D:6      | Reached skill level 9 in Short Blades
  5236 | D:7      | Reached skill level 5 in Shields
  5262 | D:7      | Found a flagged portal.
  5313 | Bailey   | Entered a bailey
  5561 | Bailey   | HP: 3/61 [orc/spear (3)]
  5569 | Bailey   | Slain by an orc

Vault maps used:
D:1:      lightli_arrival_maybe_door_vault, minivault_5
D:3:      minmay_door_path, zin_academy
D:4:      minmay_temple_entry_junction, serial_shops, shop, elyvilon_altar_1
D:5:      serial_undead, serial_undead_b, serial_undead_b, serial_undead_b,
          serial_undead_c, first_bread
D:7:      serial_shops, nicolae_shop_temple_entry_statues_fountains,
          enter_bailey_7
Temple:   compressed_dpeg_circular_temple
Bailey:   bailey_polearm_5, bailey

Skill      XL: |  1  2  3  4  5  6  7  8 |
---------------+-------------------------+-----
Short Blades   | 5 6 7 8 9 |  9.1
Spellcasting   | 2 3 4 |  4.0
Stealth        | 2 3 4 |  4.1
Fighting       | 2 3 4 |  4.7
Shields        | 2 3 5 |  5.0
Armour         | 1 2 3 4 |  4.3
Dodging        | 4 6 |  6.3
Throwing       | 2 3 |  3.6
Ice Magic      | 1 |  1.2
Hexes          | 4 |  4.4
Invocations    | |  0.4
Evocations     | |  0.4

Action                   |  1- 3 |  4- 6 |  7- 9 || total
-------------------------+-------+-------+-------++-------
Melee: Short sword       |    16 |       |       ||    16
       Rapier            |   129 |   270 |   441 ||   840
       Bite              |     7 |    17 |    52 ||    76
Throw: Tomahawk          |       |    14 |    18 ||    32
       Stone             |       |       |     2 ||     2
 Cast: Confuse           |       |     2 |       ||     2
       Ensorcelled Hiber |       |     2 |       ||     2
       Tukima's Dance    |       |       |    13 ||    13
Invok: Lesser Healing    |       |       |     1 ||     1
Evoke: Wand              |       |       |     3 ||     3
  Use: Scroll            |     1 |     5 |     4 ||    10
       Potion            |       |     4 |     6 ||    10
 Stab: Sleeping          |     1 |     3 |     4 ||     8
  Eat: Bread ration      |     1 |       |     2 ||     3
       Meat ration       |       |     1 |       ||     1
Armor: Robe              |     4 |     9 |       ||    13
       Plate armour      |    36 |    65 |       ||   101
       Leather armour    |       |       |    70 ||    70
Dodge: Dodged            |    47 |    65 |   312 ||   424
Block: Buckler           |    13 |    26 |   107 ||   146
